 Dungeon Crawl Stone Soup version 0.31.0-11-ge490571c62 (webtiles) character file.

Game seed: 8473956516049600775

292 SnakkuSnakku7 the Cudgeller (level 6, 0/46 HPs)
             Began as a Djinni Chaos Knight on Jan 28, 2024.
             Was a Plaything of Xom.
             Slain by an orc
             ... wielding a +0 whip
              (2 damage)
             ... on level 4 of the Dungeon.
             The game lasted 00:03:22 (2807 turns).

SnakkuSnakku7 the Cudgeller (Djinni Chaos Knight)   Turns: 2807, Time: 00:03:23

Health: 0/46       AC:  6    Str: 13    XL:     6   Next: 59%
Gold:   155        EV: 12    Int: 14    God:    Xom [.*....] SH:  0 Dex: 12

rFire   + + +        a - +1 mace (heavy)
rCold   x . .        s - orb {light}
rNeg    . . .        b - +2 leather armour
rPois   ∞            l - +0 helmet
rElec   .            (no cloak)
rCorr   .            (no gloves)
SInv    .            (boots unavailable)
Will    .....        (no amulet)
Stlth   +            (no ring)
HPRegen 0.27/turn    (no ring)
MPRegen 0.00/turn

%: infuse magic (-1 HP)
@: flying, glowing
A: sickness immunity, fire resistance 3, cold vulnerability 1, float, innate
caster, HP casting, extra vitality 1, claws 1, sturdy frame 1
a: Renounce Religion


You were on level 4 of the Dungeon.
You worshipped Xom.
You were a plaything of Xom.
You visited 1 branch of the dungeon, and saw 4 of its levels.

You collected 155 gold pieces.

Inventory:

Hand Weapons
 a - a +1 heavy mace (weapon)
Armour
 b - a +2 leather armour (worn)
 l - a +0 helmet (worn)
 s - an orb of light (worn)
Jewellery
 t - a ring of fire
Wands
 p - a wand of flame (16)
Scrolls
 e - a scroll of blinking
 f - 3 scrolls of poison
 h - a scroll of teleportation
 j - a scroll of enchant weapon
 o - a scroll of acquirement {unknown}
Potions
 d - a potion of berserk rage {unknown}
 g - a potion of attraction {unknown}
 i - 2 potions of might {unknown}
 k - 3 potions of enlightenment {unknown}
 m - 4 potions of heal wounds {unknown}
 n - a potion of lignification {unknown}
 q - a potion of curing {unknown}
 r - a potion of brilliance {unknown}


   Skills:
 - Level 3.0 Fighting
 + Level 5.7 Maces & Flails
 - Level 1.0 Armour
 - Level 2.1 Dodging


You knew the following spells:

 Your Spells              Type           Power      Damage    Failure   Level
a - Sandblast             Erth           0%         2d4       30%         1
b - Mercury Vapours       Alch/Air       0%         N/A       41%         2
Your spell library was empty.

Dungeon Overview and Level Annotations

Branches:
Dungeon (4/15)             Temple (0/1) D:4

Altars:
Qazlal


Innate Abilities, Weirdness & Mutations

You are immune to sickness and miasma.
You are immune to poison.
Your flesh is almost immune to the effects of heat. (rF+++)
You are vulnerable to cold. (rC-)
You float through the air rather than walking.
You learn spells naturally, not from books.
Your magical power is your life essence.
You have superior vitality. (+4 MHP)
You have sharp fingernails.
Your movements are slightly less encumbered by armour. (ER -2)


Message History

The orc priest barely misses you.
The orc priest misses your butterfly. x2
The orc priest closely misses your butterfly.
The orc priest hits your butterfly with a +0 war axe!
Your butterfly dies!
Your butterfly disappears in a burst of colours!
The orc priest hits your butterfly with a +0 short sword.
Your butterfly dies!
Your butterfly disappears in a burst of colours!
The orc hits your butterfly with a +0 short sword.
Your butterfly dies!
Your butterfly disappears in a burst of colours!
Unknown command.
Unknown command.
Unknown command.
Unknown command.
You sock the orc priest!
The orc priest is almost dead.
The orc barely misses your butterfly. The orc closely misses your butterfly.
The orc priest hits you with a +0 war axe.
The orc priest hits your butterfly with a +0 war axe.
Your butterfly dies!
Your butterfly disappears in a burst of colours!
The orc priest misses your butterfly. The orc closely misses your butterfly.
The orc hits your butterfly with a +0 flail.
Your butterfly dies!
Your butterfly disappears in a burst of colours!
The orc priest closely misses you.
Unknown command.
Unknown command.
You bludgeon the orc priest!!
You kill the orc priest!
The orc priest mumbles some strange prayers to Beogh against you.
Beogh smites you!
* * * LOW HITPOINT WARNING * * *
The orc hits your butterfly with a +0 short sword.
Your butterfly dies!
Your butterfly disappears in a burst of colours!
The orc hits you with a +0 whip.
You die...
Xom snickers!

........... #..⌠b.bb..#
##.b.b..o..# ...bbo..b..
# #bb..bbb..#
#.##..bbb.bb.#
#...§§bb..b...
#§@§o.b...# ###########
##o##.##.## .......##.##
##...#.#..#
..[....#.#.###..b.......
. ####..###.###...######
..#.......##.###..#
..#.##..#.#.####..#
..#.##.#..........#
.......##.######'##


You could see an orc priest (ally target) and 3 orcs.

Vanquished Creatures
  A bullfrog (D:3)
  A howler monkey (D:4)
  An orc priest (D:4)
  Jessica (D:3)
  A sleepcap (D:4)
  Ijyb (D:3)
  Robin (D:2)
  A gnoll (D:4)
  An adder (D:3)
  A ribbon worm (D:2)
  8 orcs
  2 bats
  5 endoplasms
  21 goblins
  8 hobgoblins
  3 kobolds
  2 quokkas
  A ball python (D:1)
  6 frilled lizards
  2 rats (D:1)
68 creatures vanquished.

Vanquished Creatures (collateral kills)
  A hobgoblin (D:1)
  A quokka (D:1)
  2 bats (D:1)
4 creatures vanquished.

Vanquished Creatures (others)
  A gnoll (D:4)
  A bat (D:3)
2 creatures vanquished.

Grand Total: 74 creatures vanquished

Notes
Turn   | Place    | Note
-------+----------+-------------------------------------------
     0 | D:1      | SnakkuSnakku7 the Djinni Chaos Knight began the quest for
                  | the Orb.
     0 | D:1      | Reached XP level 1. HP: 20/20 MP: 0/0
    40 | D:1      | XOM: silly message
    58 | D:1      | XOM: silly message
    62 | D:1      | XOM: 3-stop teleportation journey
    69 | D:1      | Reached XP level 2. HP: 24/25 MP: 0/0
   111 | D:1      | XOM: polymorph kobold -> orc
   115 | D:1      | Reached skill level 3 in Maces & Flails
   276 | D:1      | XOM: scenery: summon butterflies
   404 | D:2      | Reached XP level 3. HP: 29/30 MP: 0/0
   404 | D:2      | Learned a level 1 spell: Sandblast
   423 | D:2      | You are sucked into a shaft and drop 2 floors!
   495 | D:4      | XOM: 2-stop teleportation journey
   499 | D:4      | Found a stormy altar of Qazlal.
   776 | D:2      | XOM: blink monster(s)
   947 | D:2      | XOM: noise
   976 | D:2      | XOM: confuse monster(s)
  1095 | D:2      | XOM: god gift: scroll labelled TIGUGEORUI {god gift}
  1196 | D:2      | Noticed Robin
  1315 | D:3      | Reached XP level 4. HP: 24/35 MP: 0/0
  1374 | D:3      | XOM: smoke on damage
  1563 | D:2      | Killed Robin
  1564 | D:2      | Reached skill level 4 in Maces & Flails
  1584 | D:2      | XOM: torment (19/35 hp)
  1711 | D:3      | XOM: chaos cloud
  1772 | D:3      | Noticed Ijyb
  1772 | D:3      | XOM: swap monsters
  1866 | D:3      | Killed Ijyb
  1867 | D:3      | Reached XP level 5. HP: 31/40 MP: 0/0
  1867 | D:3      | Learned a level 2 spell: Mercury Vapours
  2015 | D:3      | an orc changed into a bullfrog
  2015 | D:3      | Noticed a bullfrog
  2015 | D:3      | XOM: polymorph orc -> bullfrog
  2016 | D:3      | Killed a bullfrog
  2017 | D:3      | Reached skill level 5 in Maces & Flails
  2227 | D:3      | Noticed Jessica
  2229 | D:3      | XOM: give mutations
  2229 | D:3      | Gained mutation: You have sharp fingernails. [Xom's
                  | mischief]
  2229 | D:3      | Gained mutation: Your flesh is almost immune to the effects
                  | of heat. (rF+++) [Xom's mischief]
  2229 | D:3      | Gained mutation: Your movements are slightly less
                  | encumbered by armour. (ER -2) [Xom's mischief]
  2231 | D:3      | Killed Jessica
  2232 | D:3      | Reached XP level 6. HP: 46/46 MP: 0/0
  2608 | D:4      | XOM: noise
  2790 | D:4      | XOM: polymorph hound -> quokka
  2797 | D:4      | Found a staircase to the Ecumenical Temple.
  2801 | D:4      | XOM: blink monster(s)
  2804 | D:4      | XOM: smoke on damage
  2807 | D:4      | HP: 2/46 [orc priest/divine providence (14)]
  2807 | D:4      | Slain by an orc

Illustrated notes

Levels and vault maps discovered:
D:1:      heliophobic_arrival_henge, layout_rooms
D:2:      layout_basic, minmay_goblin_outpost, uniq_robin
D:3:      layout_loops_ring, uniq_jessica, uniq_ijyb
D:4:      layout_loops_corners, grunt_qazlal_clouds,
          minmay_temple_entry_large_hall

Skill      XL: |  1  2  3  4  5 |
---------------+----------------+-----
Maces & Flails | 3 4 5 |  5.7
Fighting       | |  3.0
Armour         | |  1.0
Dodging        | |  2.1

Action                     |  1- 3 |  4- 6 || total
---------------------------+-------+-------++-------
  Melee: Mace              |    76 |   117 ||   193
    Use: Scroll            |     1 |     5 ||     6
   Stab: Confused          |     1 |       ||     1
 Armour: Leather armour    |    84 |   129 ||   213
  Dodge: Dodged            |    57 |   104 ||   161
